 Dungeon Crawl Stone Soup version 0.30-a0-1160-g6e42c06551 (webtiles) character file.

Game seed: 5276654217326356808

32 Twinkles the Ruffian (level 3, 0/33 HPs)
             Began as an Armataur Monk on Apr 26, 2023.
             Slain by Sigmund
             ... wielding a +5 scythe of venom
              (10 damage)
             ... on level 2 of the Dungeon.
             The game lasted 00:02:33 (1089 turns).

Twinkles the Ruffian (Armataur Monk)                Turns: 1089, Time: 00:02:34

Health: 0/33       AC:  4    Str: 18    XL:     3   Next: 10%
Magic:  3/3        EV: 10    Int: 10    God:
Gold:   25         SH:  0    Dex: 12    Spells: 2/2 levels left

rFire   . .          .
                       - Unarmed
rCold   . . .        c - orb {light}
rNeg    . . .        e - +0 leather armour
rPois   .            (no helmet)
rElec   .            (no cloak)
rCorr   .            (no gloves)
SInv    .            (no barding)
Will    .....        (no amulet)
Stlth   +            (no ring)
HPRegen 0.25/turn    (no ring)
MPRegen 0.08/turn

%: roll
@: lethally poisoned (0 -> -2), glowing
A: large, rugged brown scales 3, deformed body, armoured tail, roll, long
tongue, awkward tongue
a: no special abilities


You were on level 2 of the Dungeon.
You visited 1 branch of the dungeon, and saw 2 of its levels.

You collected 25 gold pieces.

Inventory:

Armour
 a - a +0 robe
 c - an orb of light (worn)
 e - a +0 leather armour (worn)
Scrolls
 f - a scroll of noise {unknown}
 g - a scroll of identify {unknown}
Potions
 b - a potion of curing {unknown}
 d - a potion of might {unknown}
 h - a potion of degeneration {unknown}
 G - a potion of ambrosia


   Skills:
 + Level 3.0 Fighting
 - Level 2.3 Dodging
 + Level 1.1 Stealth
 * Level 3.2 Unarmed Combat


You had 2 spell levels left.
You didn't know any spells.
Your spell library was empty.

Dungeon Overview and Level Annotations

Branches:
Dungeon (2/15) Zot: 10912

Altars:

Annotations:
D:2 Sigmund


Innate Abilities, Weirdness & Mutations

You are completely covered in rugged brown scales. (AC +3, +7% HP)
Armour fits poorly on your strangely shaped body.
You have a long armoured tail.
You roll when moving toward enemies. (Rampage)
Your long tongue fully drains potion bottles. (2x potion effects)
Your tongue gives you trouble enunciating. (1.5x scroll delay)


Message History

The worm is lightly wounded.
You feel sick. The worm misses you.
You hit the worm but do no damage.
The worm is lightly wounded.
You feel sick.
You hit the worm.
The worm is moderately wounded.
You feel sick. The worm barely misses you.
You hit the worm. You tail-slap the worm!
You kill the worm!
You feel sick.
You are no longer poisoned.
You see here a worm corpse.
HP restored.
You now have 25 gold pieces (gained 11).
Sigmund the Dreaded comes into view.
He is wielding a +5 scythe of venom.
Sigmund shouts!
Sigmund screams, "Die, monster!"
Sigmund points at you and mumbles some strange words.
You are confused.
You bump into the rock wall.
You bump into the rock wall.
You're too confused to move!
You feel less confused. Sigmund gestures at you while chanting.
You are confused.
Sigmund hits you from afar with a +5 scythe of venom!
You are poisoned.
You feel very sick.
You bump into the rock wall.
You feel sick. Sigmund closely misses you.
You feel sick.
Sigmund hits you with a +5 scythe of venom.
You bump into the rock wall.
You feel less confused.
You feel sick.
You hit Sigmund.
Sigmund is lightly wounded.
You feel sick.
Sigmund hits you with a +5 scythe of venom!
You die...

### #.. #.# #.# #.#
#.# #######@###
#......@..#
#######.#######.....
#.......# .....#
#.#####.# ###..
#.......# #
#..####.# #..# #.#
#..# #.#


You could see Sigmund.

Vanquished Creatures
  An adder (D:2)
  A worm (D:2)
  A ball python (D:1)
  4 bats
  3 endoplasms (D:1)
  A giant cockroach (D:1)
  3 goblins (D:1)
  2 hobgoblins (D:1)
  A frilled lizard (D:1)
  2 rats (D:1)
19 creatures vanquished.

Notes
Turn   | Place    | Note
-------+----------+-------------------------------------------
     0 | D:1      | Twinkles the Armataur Monk began the quest for the Orb.
     0 | D:1      | Reached XP level 1. HP: 19/19 MP: 1/1
   482 | D:1      | Reached XP level 2. HP: 26/26 MP: 2/2
   972 | D:2      | Reached skill level 1 in Stealth
   972 | D:2      | Reached XP level 3. HP: 18/33 MP: 3/3
  1076 | D:2      | Noticed Sigmund
  1089 | D:2      | Slain by Sigmund

Illustrated notes

Levels and vault maps discovered:
D:1:      matt_arrival_refuge, layout_loops_corners
D:2:      layout_loops_ring, minmay_misc_feat_tower, grunt_decor_one_mirror,
          uniq_jessica, uniq_sigmund

Skill      XL: |  1  2 |
---------------+-------+-----
Unarmed Combat | 3 |  3.2
Fighting       | 3 |  3.0
Stealth        | 1 |  1.1
Dodging        | |  2.3

Action                     || total
---------------------------++-------
  Melee: Unarmed           ||    49
         Tailslap          ||     5
 Armour: Leather armour    ||    10
  Dodge: Dodged            ||    20

Table legend: (Time is in decaauts)
 A = Elapsed time spent in this place.
 B = Non-inter-level travel time spent in this place.
 C = Inter-level travel time spent in this place.
 D = Time resting spent in this place.
 E = Time spent auto-exploring this place.
 F = Levels seen in this place.
 G = Mean time per level.
                   A        B        C        D        E       F      G
               +--------+--------+--------+--------+--------+-----+--------+
         Total |   1086 |   1024 |     62 |      0 |    899 |   2 |  543.0 |
       Dungeon |   1086 |   1024 |     62 |      0 |    899 |   2 |  543.0 |
               +--------+--------+--------+--------+--------+-----+--------+

Top non-repeatable levels by time:
     D:1: 914 daAuts
     D:2: 172 daAuts
